[Event "Titled Tuesday Blitz July 05 Early 2022"]
[White "Niemann, Hans Moke"]
[Black "Abrahamyan, Tatev"]
[WhiteFideId "2093596"]
[BlackFideId "13301918"]
[WhiteElo "2632"]
[BlackElo "2347"]
[Result "1-0"]
[Round "01"]
[TimeControl "180+1"]
[Date "2022.07.05"]
[WhiteClock "0:00:02"]
[BlackClock "0:00:07"]

1. d4 Nf6 2. Nc3 e6 3. Bf4 c5 4. d5 d6 5. dxe6 Bxe6 6. e4 Nc6 7. Nf3 Be7 8. Ng5 Bg4 9. Qd2 h6 10. Nf3 O-O 11. Be2 Re8 12. O-O-O Bf8 13. h3 Bh5 14. g4 Bg6 15. g5 Nxe4 16. Nxe4 Rxe4 17. gxh6 Ra4 18. a3 Qf6 19. Bg5 Rxa3 20. Qd5 Ra1+ 21. Kd2 Rxd1+ 22. Bxd1 Qxb2 23. Nh4 Qb4+ 24. c3 Qb2+ 25. Ke1 Re8+ 26. Kf1 Be4 27. h7+ Kxh7 28. Qxf7 1-0


[Site "https://www.chess.com"]

[Event "Titled Tuesday Blitz July 05 Early 2022"]
[White "Oparin, Grigoriy"]
[Black "Baches Garcia, Guillermo"]
[WhiteFideId "24125890"]
[BlackFideId "2209764"]
[WhiteElo "2639"]
[BlackElo "2510"]
[Result "1/2-1/2"]
[Round "01"]
[TimeControl "180+1"]
[Date "2022.07.05"]
[WhiteClock "0:01:03"]
[BlackClock "0:00:20"]

1. e4 c5 2. Nf3 d6 3. d4 cxd4 4. Nxd4 Nf6 5. Nc3 Nc6 6. Bg5 e6 7. Qd2 h6 8. Bxf6 gxf6 9. O-O-O a6 10. Kb1 Bd7 11. f4 Qb6 12. Nf3 O-O-O 13. f5 Be7 14. Bc4 Kb8 15. Rhf1 Rc8 16. a3 Na5 17. Ba2 Nc4 18. Bxc4 Rxc4 19. Nd4 Rhc8 20. Rf3 h5 21. Rd3 d5 22. fxe6 fxe6 23. exd5 Bxa3 24. Nb3 Bb4 25. dxe6 Bxe6 26. Qe3 Qxe3 27. Rxe3 Bxc3 28. Rxe6 Bxb2 29. Kxb2 Rxc2+ 30. Ka3 Rxg2 31. Rxf6 Rxh2 32. Rd7 Rc6 33. Rxc6 bxc6 34. Nc5 Kc8 35. Rh7 h4 36. Kb4 Rb2+ 37. Kc3 Rb5 38. Kc4 Rb1 39. Rxh4 a5 40. Rh7 Rb4+ 41. Kc3 Kd8 42. Ne6+ Ke8 43. Nd4 c5 44. Ne6 Rg4 45. Nxc5 a4 46. Ra7 Kd8 47. Nxa4 Kc8 48. Nc5 Kb8 49. Rh7 Rf4 50. Ne6 Rg4 51. Nd4 Kc8 52. Kc4 Rf4 53. Kd5 Rf1 54. Kd6 Rc1 55. Rh8+ Kb7 56. Rh7+ Kb6 57. Rh2 Rd1 58. Rb2+ Ka7 59. Kc6 Rxd4 1/2-1/2


[Site "https://www.chess.com"]

[Event "Titled Tuesday Blitz July 05 Early 2022"]
[White "Pap, Gyula"]
[Black "Pires, Marcos Vinicius Torsani"]
[WhiteFideId "725323"]
[BlackFideId "2118939"]
[WhiteElo "2553"]
[BlackElo "2273"]
[Result "1-0"]
[Round "01"]
[TimeControl "180+1"]
[Date "2022.07.05"]
[WhiteClock "0:01:17"]
[BlackClock "0:00:48"]

1. d4 Nf6 2. c4 g6 3. Nc3 d5 4. Bf4 Bg7 5. Nf3 O-O 6. Rc1 c6 7. e3 Bg4 8. Qb3 Bxf3 9. gxf3 Qb6 10. Qxb6 axb6 11. cxd5 Nxd5 12. Nxd5 cxd5 13. a3 e5 14. Bxe5 Bxe5 15. dxe5 Nc6 16. f4 d4 17. Bg2 Rfd8 18. Bxc6 bxc6 19. Rxc6 dxe3 20. fxe3 Rd3 21. Ke2 Rb3 22. Rc2 Rd8 23. Rd1 Rxd1 24. Kxd1 Rxe3 25. Rc3 Re4 26. Rb3 Rxf4 27. Rxb6 Rd4+ 28. Ke2 Rd5 29. a4 Rxe5+ 30. Kf3 Rc5 31. b4 Rc3+ 32. Ke4 Kg7 33. a5 f5+ 34. Kd4 Ra3 35. Rb7+ Kf6 36. Rxh7 f4 37. Rh8 Kf5 38. Rf8+ Kg4 39. Kc5 f3 40. Kb6 Ra2 41. a6 Rxh2 42. a7 Ra2 43. a8=Q Rxa8 44. Rxa8 f2 45. Rf8 Kg3 46. Kc5 g5 47. Kd4 Kg2 48. Ke3 f1=Q 49. Rxf1 1-0


[Site "https://www.chess.com"]

[Event "Titled Tuesday Blitz July 05 Early 2022"]
[White "Ramirez Vido, Robert Yorisan"]
[Black "Tari, Aryan"]
[WhiteFideId "3513823"]
[BlackFideId "1510045"]
[WhiteElo "2499"]
[BlackElo "2612"]
[Result "0-1"]
[Round "01"]
[TimeControl "180+1"]
[Date "2022.07.05"]
[WhiteClock "0:00:03"]
[BlackClock "0:00:33"]

1. Nf3 Nf6 2. g3 b6 3. Bg2 Bb7 4. O-O g6 5. d3 Bg7 6. e4 O-O 7. Nc3 c5 8. Re1 d6 9. a4 a6 10. h3 Nc6 11. Be3 e5 12. Nh4 Nd4 13. f4 exf4 14. Bxf4 Nh5 15. Nf3 Nxf4 16. gxf4 Qf6 17. Nxd4 Qxd4+ 18. Kh1 Rae8 19. Qd2 Bh6 20. Ne2 Qf2 21. Rf1 Qh4 22. Qe1 Qd8 23. Qg3 f5 24. Nc3 Qf6 25. Rae1 fxe4 26. Bxe4 Bxf4 27. Qg2 Qh4 28. Re2 Kg7 29. Rxf4 Rxf4 30. Bxb7 Rxe2 31. Qxe2 Qxh3+ 32. Kg1 Rf7 33. Bg2 Qg3 34. Ne4 Qe5 35. Qg4 d5 36. Ng3 h5 37. Qh4 Rf4 38. Qh3 h4 39. Nf1 Qe7 40. Kh1 Qe1 41. Qd7+ Kh6 42. Qxd5 Rxf1+ 43. Bxf1 Qxf1+ 44. Kh2 Qf2+ 45. Qg2 Qxg2+ 46. Kxg2 a5 47. c3 g5 48. d4 cxd4 49. cxd4 Kg6 50. Kf3 Kf5 51. b3 Ke6 0-1


[Site "https://www.chess.com"]

[Event "Titled Tuesday Blitz July 05 Early 2022"]
[White "Richter, Nils"]
[Black "Svane, Frederik"]
[WhiteFideId "12990809"]
[BlackFideId "12923044"]
[WhiteElo "2311"]
[BlackElo "2459"]
[Result "0-1"]
[Round "01"]
[TimeControl "180+1"]
[Date "2022.07.05"]
[WhiteClock "0:00:41"]
[BlackClock "0:00:18"]

1. c4 c5 2. g3 Nc6 3. Bg2 g6 4. Nc3 Bg7 5. a3 Bxc3 6. bxc3 Nf6 7. d3 d6 8. Nf3 h5 9. Bg5 Qd7 10. a4 b6 11. Qd2 Bb7 12. O-O Na5 13. Qc2 Nh7 14. Bd2 O-O-O 15. e4 f5 16. Ng5 Nxg5 17. Bxg5 fxe4 18. dxe4 Rdf8 19. Qd3 Ba6 20. e5 Bxc4 21. Qc2 Bxf1 22. Rxf1 d5 23. e6 Qxe6 24. Rd1 Rf5 25. Bf4 g5 26. Bh3 g4 27. Bg2 Rd8 28. h3 Rxf4 29. gxf4 gxh3 30. Bf3 Qf6 31. Rxd5 Rxd5 32. Bxd5 Qxf4 33. Be6+ Kc7 34. Bxh3 Nc6 35. Bg2 Ne5 36. Qd1 Ng4 37. Qe1 Qe5 38. Qd2 h4 39. Bh3 Qh2+ 0-1


[Site "https://www.chess.com"]

[Event "Titled Tuesday Blitz July 05 Early 2022"]
[White "Shimanov, Aleksandr"]
[Black "Rios Escobar, Adan"]
[WhiteFideId "4198603"]
[BlackFideId "3403645"]
[WhiteElo "2605"]
[BlackElo "2491"]
[Result "1-0"]
[Round "01"]
[TimeControl "180+1"]
[Date "2022.07.05"]
[WhiteClock "0:01:48"]
[BlackClock "0:00:13"]

1. e4 c5 2. d4 cxd4 3. Qxd4 Nc6 4. Qd3 d6 5. Nc3 Nf6 6. Nf3 g6 7. Be2 Bg7 8. O-O O-O 9. Bg5 Bd7 10. Nd5 Nxd5 11. exd5 Ne5 12. Nxe5 Bxe5 13. c3 Re8 14. Rae1 Rc8 15. Qd2 Qa5 16. a3 b5 17. f4 Qb6+ 18. Kh1 Bf6 19. Bd3 a5 20. f5 Kg7 21. fxg6 hxg6 22. Qf4 Qd8 23. Rxe7 Rxe7 24. Bxf6+ Kg8 25. Qh6 Qf8 26. Qh8# 1-0


[Site "https://www.chess.com"]

[Event "Titled Tuesday Blitz July 05 Early 2022"]
[White "Sjugirov, Sanan"]
[Black "Lopez, Henry"]
[WhiteFideId "4189302"]
[BlackFideId "5203830"]
[WhiteElo "2609"]
[BlackElo "2177"]
[Result "1-0"]
[Round "01"]
[TimeControl "180+1"]
[Date "2022.07.05"]
[WhiteClock "0:00:46"]
[BlackClock "0:00:02"]

1. d4 Nf6 2. c4 c5 3. d5 e6 4. Nc3 exd5 5. cxd5 d6 6. Nf3 g6 7. Bf4 Bg7 8. e3 O-O 9. h3 a6 10. a4 Qe7 11. Be2 Nbd7 12. O-O Ne8 13. Bh2 f5 14. Nd2 Ne5 15. Qc2 Bd7 16. Rfe1 Nf6 17. Bf1 Rae8 18. Rab1 a5 19. Qb3 Ra8 20. Bb5 Kh8 21. Bxd7 Qxd7 22. Nc4 Nxc4 23. Qxc4 Rfe8 24. f3 h6 25. Rbd1 Kh7 26. Nb5 Ra6 27. b3 Qe7 28. Kh1 Rd8 29. Qd3 Re8 30. Re2 Kg8 31. g4 fxg4 32. hxg4 g5 33. Qg6 Rf8 34. e4 Ne8 35. Kg2 Rf6 36. Qh5 Rf8 37. Rf1 Kh7 38. Qh3 Be5 39. Rh1 Rf6 40. Bg1 Kg7 41. Be3 Bf4 42. Bxf4 gxf4 43. Qh5 Qe5 44. Qxe5 dxe5 45. Kf1 Nd6 46. Rh5 Nf7 47. Nc7 1-0


[Site "https://www.chess.com"]

[Event "Titled Tuesday Blitz July 05 Early 2022"]
[White "Svane, Rasmus"]
[Black "Ajay Krishna, S"]
[WhiteFideId "4657101"]
[BlackFideId "5096430"]
[WhiteElo "2674"]
[BlackElo "2247"]
[Result "1-0"]
[Round "01"]
[TimeControl "180+1"]
[Date "2022.07.05"]
[WhiteClock "0:01:09"]
[BlackClock "0:00:11"]

1. Nf3 c5 2. c4 Nc6 3. Nc3 g6 4. e3 Bg7 5. d4 cxd4 6. exd4 d6 7. Be2 Nf6 8. h3 O-O 9. d5 Nb8 10. O-O Nbd7 11. Re1 a5 12. Bf1 Nc5 13. Bf4 Bd7 14. Nd4 Re8 15. Qd2 Qb6 16. Rad1 Rac8 17. Ndb5 Bxb5 18. Nxb5 Nfe4 19. Qc2 f5 20. Be3 Qd8 21. b3 Rf8 22. Bd4 Bh6 23. a3 e5 24. dxe6 Nxe6 25. Ba1 Qb6 26. Nc3 Nd4 27. Rxd4 Qxd4 28. Nxe4 Qb6 29. Nf6+ Rxf6 30. Bxf6 d5 31. Ba1 d4 32. c5 Rxc5 33. Bc4+ Kf8 34. Bxd4 1-0


[Site "https://www.chess.com"]

[Event "Titled Tuesday Blitz July 05 Early 2022"]
[White "Tasev, Dejan"]
[Black "Martinez Alcantara, Jose Eduardo"]
[WhiteFideId "936618"]
[BlackFideId "3805662"]
[WhiteElo "2253"]
[BlackElo "2703"]
[Result "0-1"]
[Round "01"]
[TimeControl "180+1"]
[Date "2022.07.05"]
[WhiteClock "0:00:03"]
[BlackClock "0:00:11"]

1. e4 c5 2. Nf3 d6 3. Nc3 Nf6 4. d4 cxd4 5. Nxd4 Nc6 6. Bc4 Qb6 7. Nb3 e6 8. Be3 Qc7 9. Qe2 a6 10. a4 Be7 11. O-O b6 12. f4 O-O 13. Bd3 Nb4 14. Qf3 Bb7 15. Rae1 d5 16. Bd4 dxe4 17. Nxe4 Nxd3 18. cxd3 Nxe4 19. dxe4 Rfd8 20. Bc3 Bf8 21. f5 e5 22. f6 g6 23. Qg3 Qc6 24. Nd2 Qxa4 25. Nf3 Bxe4 26. Nxe5 Bd5 27. Rf4 Qc2 28. h4 Be6 29. h5 Rd1 30. hxg6 Rxe1+ 31. Bxe1 hxg6 32. Bc3 Rd8 33. Rh4 Rd1+ 34. Kh2 Qf5 35. Ng4 Qg5 36. Be5 Rf1 37. Bc3 Rf5 38. Nh6+ Bxh6 39. Qb8+ Kh7 40. Rh3 Qf4+ 41. Qxf4 Rxf4 42. Bd2 Bxh3 0-1


[Site "https://www.chess.com"]

[Event "Titled Tuesday Blitz July 05 Early 2022"]
[White "Timofeev, Artyom"]
[Black "Mickiewicz, Piotr"]
[WhiteFideId "4140419"]
[BlackFideId "1114891"]
[WhiteElo "2578"]
[BlackElo "2209"]
[Result "0-1"]
[Round "01"]
[TimeControl "180+1"]
[Date "2022.07.05"]
[WhiteClock "0:00:18"]
[BlackClock "0:00:34"]

1. e4 c6 2. Nf3 d5 3. d3 dxe4 4. dxe4 Qxd1+ 5. Kxd1 Bg4 6. Nd2 Nd7 7. h3 Bh5 8. Bd3 e5 9. g4 Bg6 10. Ke2 Bc5 11. c3 a5 12. Nh4 a4 13. Ndf3 Ngf6 14. Nf5 O-O 15. Bg5 Rfe8 16. Rad1 b5 17. Bc2 Bf8 18. Rhg1 h6 19. Bxf6 Nxf6 20. h4 h5 21. g5 Nh7 22. Nh2 Bc5 23. Nf1 Nf8 24. N1g3 Ne6 25. Kf3 Rad8 26. a3 Kf8 27. Rge1 Nf4 28. Ne3 Ne6 29. Ngf5 Rxd1 30. Rxd1 Rd8 31. Rxd8+ Nxd8 32. Bd3 Ne6 33. Bf1 Ke8 34. Ng3 Bf8 35. Bh3 Nc5 36. Bf1 f6 37. gxf6 gxf6 38. Nef5 Bf7 39. Be2 Ne6 40. Bf1 Nf4 41. Ne3 Kd7 42. Ngf5 Kc7 43. c4 b4 44. axb4 Bxb4 45. Nc2 Bc5 46. Nfe3 Be6 47. Kg3 Kb6 48. Nd1 Ng6 49. Nc3 Ka5 50. Nd1 Bf7 51. Nc3 Be6 52. Nd1 Be7 53. Nc3 f5 54. Bh3 Bxh4+ 55. Kh2 Ne7 56. Ne3 Bxf2 57. exf5 Bf7 58. Ncd1 Bxe3 59. Nxe3 Kb4 60. f6 Ng8 61. Bd7 c5 62. Nc2+ Kb3 63. Ne3 Nxf6 64. Bc6 Ng4+ 65. Nxg4 hxg4 66. Kg3 Bxc4 67. Kxg4 Bd3 68. Kf3 e4+ 69. Ke3 c4 70. Kd2 Kxb2 71. Bxa4 c3+ 72. Ke3 c2 73. Bxc2 Kxc2 74. Kf2 Kd2 75. Kg3 e3 76. Kg2 e2 77. Kf3 e1=Q 78. Kf4 Qe4+ 79. Kg5 Qf5+ 80. Kh4 Qg6 81. Kh3 Ke2 82. Kh4 Kf2 83. Kh3 Qh5# 0-1


[Site "https://www.chess.com"]

[Event "Titled Tuesday Blitz July 05 Early 2022"]
[White "Urquhart, Ed"]
[Black "Moussard, Jules"]
[WhiteFideId "2603748"]
[BlackFideId "642908"]
[WhiteElo "2184"]
[BlackElo "2589"]
[Result "0-1"]
[Round "01"]
[TimeControl "180+1"]
[Date "2022.07.05"]
[WhiteClock "0:02:31"]
[BlackClock "0:02:31"]

1. e4 Nf6 2. Nc3 e5 3. Nf3 Nc6 4. Bc4 Bc5 5. d3 O-O 6. O-O h6 7. h3 d6 8. Nd5 Be6 9. a3 a6 10. c3 Ba7 11. b4 Bxd5 12. exd5 Ne7 13. Qb3 b5 0-1


[Site "https://www.chess.com"]

[Event "Titled Tuesday Blitz July 05 Early 2022"]
[White "Vachier-Lagrave, Maxime"]
[Black "Bernotas, Arturs"]
[WhiteFideId "623539"]
[BlackFideId "11601426"]
[WhiteElo "2784"]
[BlackElo "2382"]
[Result "1-0"]
[Round "01"]
[TimeControl "180+1"]
[Date "2022.07.05"]
[WhiteClock "0:01:47"]
[BlackClock "0:01:30"]

1. e4 d5 2. exd5 Nf6 3. Nf3 Nxd5 4. d4 g6 5. c4 Nb6 6. c5 Nd5 7. Bc4 Bg7 8. O-O O-O 9. Re1 c6 10. Nc3 b6 11. Nxd5 cxd5 12. Bb3 Nc6 13. Bf4 Bg4 14. cxb6 axb6 15. Be5 Bxf3 16. Qxf3 Nxd4 17. Bxd4 Bxd4 18. Rad1 e5 19. Bxd5 Rc8 20. Bb3 Kg7 21. g3 Qf6 22. Qe2 Rc7 23. Rd3 Qg5 24. h4 Qe7 25. Rxd4 1-0


[Site "https://www.chess.com"]

[Event "Titled Tuesday Blitz July 05 Early 2022"]
[White "Van Foreest, Jorden"]
[Black "Estrada Nieto, Julian"]
[WhiteFideId "1039784"]
[BlackFideId "5101018"]
[WhiteElo "2609"]
[BlackElo "2252"]
[Result "1-0"]
[Round "01"]
[TimeControl "180+1"]
[Date "2022.07.05"]
[WhiteClock "0:02:43"]
[BlackClock "0:01:55"]

1. Nf3 d5 2. b3 Nf6 3. Bb2 Bg4 4. e3 Nbd7 5. h3 Bh5 6. d3 e6 7. Be2 Bd6 8. Nbd2 O-O 9. g4 Bg6 10. g5 Ne8 11. h4 Bh5 12. Rg1 Qe7 13. Nf1 Ba3 14. Qc1 Bxb2 15. Qxb2 Nd6 16. Ng3 Bxf3 17. Bxf3 c6 18. c4 a5 19. Nh5 g6 20. Qg7# 1-0


[Site "https://www.chess.com"]

[Event "Titled Tuesday Blitz July 05 Early 2022"]
[White "Voege, Tobias"]
[Black "Bortnyk, Olexandr"]
[WhiteFideId "1270513"]
[BlackFideId "14120828"]
[WhiteElo "2379"]
[BlackElo "2723"]
[Result "0-1"]
[Round "01"]
[TimeControl "180+1"]
[Date "2022.07.05"]
[WhiteClock "0:00:02"]
[BlackClock "0:00:39"]

1. d4 d6 2. c4 e5 3. Nf3 e4 4. Nfd2 f5 5. e3 g6 6. Nc3 Bh6 7. h4 Nf6 8. h5 g5 9. b4 c6 10. Qb3 Be6 11. b5 O-O 12. bxc6 bxc6 13. Qb7 Qa5 14. Bb2 Na6 15. Qxc6 Nb4 16. Qxd6 Rfe8 17. Nb3 Qb6 18. Qxb6 axb6 19. Kd2 Ng4 20. f3 exf3 21. gxf3 Nf6 22. d5 Bf7 23. Rg1 g4 24. f4 Bf8 25. a3 Na6 26. Ne2 Ne4+ 27. Ke1 Nec5 28. Nxc5 Bxc5 29. Bd4 Bxh5 30. Kd2 Bf7 31. Rh1 Bxd4 32. Nxd4 Nc5 33. Bd3 Bg6 0-1


[Site "https://www.chess.com"]

[Event "Titled Tuesday Blitz July 05 Early 2022"]
[White "Weishaeutel, Moritz"]
[Black "Naroditsky, Daniel"]
[WhiteFideId "12967300"]
[BlackFideId "2026961"]
[WhiteElo "2002"]
[BlackElo "2608"]
[Result "1-0"]
[Round "01"]
[TimeControl "180+1"]
[Date "2022.07.05"]
[WhiteClock "0:00:32"]
[BlackClock "0:00:55"]

1. e4 e5 2. Nf3 Nc6 3. Nc3 Nf6 4. a3 g6 5. d4 exd4 6. Nxd4 Bg7 7. Bf4 O-O 8. Be2 Re8 9. Nxc6 bxc6 10. e5 Nd5 11. Nxd5 cxd5 12. Qxd5 Rb8 13. Bc4 Qe7 14. O-O-O c6 15. Qxf7+ Kh8 16. Qxe7 Rxe7 17. Rhe1 Ra8 18. Bg5 Re8 19. Bf6 Rf8 20. Bxg7+ Kxg7 21. Re2 Rf4 22. Bb3 a5 23. g3 Rf3 24. Rd3 Rf5 25. f4 g5 26. Rd4 Ra7 27. e6 dxe6 28. Bxe6 Bxe6 29. Rxe6 c5 30. Rde4 gxf4 31. Rxf4 Rd5 32. b3 Rad7 33. Rfe4 Kf7 34. R6e5 Rd2 35. Re7+ Kf6 36. Rxd7 Rxd7 37. Ra4 Ra7 38. b4 axb4 39. Rxa7 1-0


[Site "https://www.chess.com"]

[Event "Titled Tuesday Blitz July 05 Early 2022"]
[White "Zhalmakhanov, Ramazan"]
[Black "Golubovskis, Maksims"]
[WhiteFideId "13706357"]
[BlackFideId "11608528"]
[WhiteElo "2397"]
[BlackElo "2163"]
[Result "1-0"]
[Round "01"]
[TimeControl "180+1"]
[Date "2022.07.05"]
[WhiteClock "0:00:18"]
[BlackClock "0:00:30"]

1. e4 c5 2. Nc3 d6 3. Nge2 Nf6 4. d4 cxd4 5. Nxd4 a6 6. Be2 e5 7. Nb3 Be7 8. O-O O-O 9. Be3 Be6 10. Re1 Nbd7 11. a4 Qc7 12. a5 Rac8 13. Qd2 Rfd8 14. Red1 Nc5 15. Nxc5 dxc5 16. Qe1 Qc6 17. f3 c4 18. Na4 Nh5 19. Nb6 Bc5 20. Bxc5 Qxc5+ 21. Qf2 Qxf2+ 22. Kxf2 Rb8 23. Bxc4 Bxc4 24. Nxc4 f6 25. g3 Kf7 26. Nb6 Ke6 27. Rd5 Rxd5 28. exd5+ Kd6 29. b4 f5 30. c4 e4 31. c5+ Ke5 32. Nd7+ 1-0


[Site "https://www.chess.com"]

[Event "Titled Tuesday Blitz July 05 Early 2022"]
[White "Adewumi, Tanitoluwa"]
[Black "Grandelius, Nils"]
[WhiteFideId "30966396"]
[BlackFideId "1710400"]
[WhiteElo "2602"]
[BlackElo "2617"]
[Result "0-1"]
[Round "02"]
[TimeControl "180+1"]
[Date "2022.07.05"]
[WhiteClock "0:00:59"]
[BlackClock "0:01:19"]

1. e4 c5 2. Nf3 d6 3. Bb5+ Nc6 4. O-O Bd7 5. Re1 Nf6 6. c3 a6 7. Bf1 Bg4 8. h3 Bxf3 9. Qxf3 e6 10. d3 Be7 11. g3 O-O 12. Bg2 Rc8 13. Qe2 b5 14. f4 Nd7 15. Be3 b4 16. Nd2 Nb6 17. Rad1 Na4 18. Nc4 bxc3 19. b3 Nb6 20. f5 exf5 21. exf5 Bf6 22. Qf2 Re8 23. Bxc5 Rxe1+ 24. Rxe1 dxc5 0-1


[Site "https://www.chess.com"]

[Event "Titled Tuesday Blitz July 05 Early 2022"]
[White "Aloma Vidal, Robert"]
[Black "Jones, Gawain C B"]
[WhiteFideId "2260409"]
[BlackFideId "409561"]
[WhiteElo "2435"]
[BlackElo "2657"]
[Result "0-1"]
[Round "02"]
[TimeControl "180+1"]
[Date "2022.07.05"]
[WhiteClock "0:00:08"]
[BlackClock "0:01:18"]

1. e4 e5 2. Nf3 Nc6 3. Bc4 Bc5 4. b4 Bxb4 5. c3 Bd6 6. d4 Nf6 7. O-O O-O 8. Re1 h6 9. Nbd2 Re8 10. Bd3 Bf8 11. Nxe5 Nxe5 12. dxe5 Rxe5 13. f4 Re8 14. e5 Nd5 15. Qf3 c6 16. Ne4 d6 17. exd6 Bf5 18. Bd2 Bxe4 19. Rxe4 Rxe4 20. Bxe4 Nf6 21. Bc2 Qxd6 22. Be3 Qa3 23. Bd4 Bc5 24. Qf2 Bxd4 25. Qxd4 Qb2 26. Qd1 Qxc3 27. Kh1 Ng4 0-1


[Site "https://www.chess.com"]

[Event "Titled Tuesday Blitz July 05 Early 2022"]
[White "Aradhya, Garg"]
[Black "Zhalmakhanov, Ramazan"]
[WhiteFideId "25006746"]
[BlackFideId "13706357"]
[WhiteElo "2203"]
[BlackElo "2397"]
[Result "0-1"]
[Round "02"]
[TimeControl "180+1"]
[Date "2022.07.05"]
[WhiteClock "0:01:25"]
[BlackClock "0:01:33"]

1. d4 Nf6 2. c4 e6 3. Nf3 b6 4. a3 Bb7 5. Nc3 Ne4 6. Nxe4 Bxe4 7. Bf4 Be7 8. e3 O-O 9. Bd3 Bb7 10. O-O d6 11. e4 Nd7 12. d5 c6 13. dxc6 Bxc6 14. Bc2 Qc7 15. Rc1 Ne5 16. Qe2 Nxf3+ 17. Qxf3 f5 18. Qe3 e5 19. exf5 exf4 20. Qxf4 Bf6 21. b4 Rae8 22. Rcd1 Re5 23. Rd2 Qe7 24. Qg4 Re8 25. Bb3 Kh8 26. a4 Re1 27. Rd1 Rxf1+ 28. Kxf1 Qe5 29. g3 Qc3 30. Ba2 Bf3 0-1


[Site "https://www.chess.com"]

[Event "Titled Tuesday Blitz July 05 Early 2022"]
[White "Barria Zuniga, Daniel"]
[Black "Kovalev, Vladislav"]
[WhiteFideId "3400816"]
[BlackFideId "13504398"]
[WhiteElo "2414"]
[BlackElo "2530"]
[Result "0-1"]
[Round "02"]
[TimeControl "180+1"]
[Date "2022.07.05"]
[WhiteClock "0:00:28"]
[BlackClock "0:00:48"]

1. d4 Nf6 2. c4 g6 3. Nc3 Bg7 4. e4 d6 5. Be2 O-O 6. Nf3 e5 7. d5 a5 8. Bg5 h6 9. Bh4 Na6 10. Nd2 Nc5 11. O-O Bd7 12. Qc2 Qe8 13. b3 Nh7 14. a3 h5 15. f3 Bh6 16. Rab1 Be3+ 17. Kh1 f5 18. b4 axb4 19. axb4 Na4 20. Nb5 Bxb5 21. cxb5 Qd7 22. Rb3 f4 23. Nc4 Bd4 24. Na5 g5 25. Bf2 Bxf2 26. Rxf2 g4 27. Rf1 g3 28. hxg3 fxg3 29. f4 exf4 30. e5 Qg7 31. Bxh5 Qxe5 32. Qg6+ Kh8 33. Bg4 Rf6 34. Qh5 Qxh5+ 35. Bxh5 Rh6 0-1


[Site "https://www.chess.com"]

[Event "Titled Tuesday Blitz July 05 Early 2022"]
[White "Bortnyk, Olexandr"]
[Black "Jaracz, Pawel"]
[WhiteFideId "14120828"]
[BlackFideId "1102222"]
[WhiteElo "2723"]
[BlackElo "2459"]
[Result "1-0"]
[Round "02"]
[TimeControl "180+1"]
[Date "2022.07.05"]
[WhiteClock "0:01:10"]
[BlackClock "0:00:14"]

1. d4 Nf6 2. Nc3 d5 3. Bf4 c6 4. e3 Qb6 5. Rb1 Bf5 6. Nf3 Nbd7 7. Bd3 e6 8. O-O Bg4 9. h3 Bh5 10. b4 Qd8 11. Be2 Bxf3 12. Bxf3 Be7 13. a4 a5 14. b5 O-O 15. e4 Nb6 16. bxc6 bxc6 17. exd5 cxd5 18. Qd3 Rc8 19. Rb3 Bb4 20. Rfb1 Nfd7 21. Nb5 Nxa4 22. c3 Be7 23. Ra1 Ndb6 24. Bd1 Rc4 25. Ra2 Qd7 26. Qb1 Rfc8 27. Qa1 R8c6 28. Bd2 Bf6 29. Rb1 Nxc3 30. Bxc3 Rxc3 31. Nxc3 Bxd4 32. Rc1 Qc8 33. Rac2 g6 34. Qxa5 Nc4 35. Qa4 Nb6 36. Qxd4 1-0


[Site "https://www.chess.com"]

[Event "Titled Tuesday Blitz July 05 Early 2022"]
[White "Cruz, Cristhian"]
[Black "Shimanov, Aleksandr"]
[WhiteFideId "3801969"]
[BlackFideId "4198603"]
[WhiteElo "2497"]
[BlackElo "2605"]
[Result "1/2-1/2"]
[Round "02"]
[TimeControl "180+1"]
[Date "2022.07.05"]
[WhiteClock "0:00:02"]
[BlackClock "0:00:10"]

1. c4 g6 2. Nc3 Bg7 3. g3 c5 4. Nf3 Nc6 5. Bg2 e6 6. d3 Nge7 7. Bg5 h6 8. Bd2 d5 9. O-O O-O 10. Qc1 Kh7 11. Rb1 b6 12. a3 a5 13. Nb5 Ba6 14. Bc3 e5 15. b4 axb4 16. axb4 Bxb5 17. cxb5 Nxb4 18. Bxb4 cxb4 19. Rxb4 Qd6 20. Rb3 Ra2 21. Re1 Rc8 22. Qd1 Rcc2 23. Rb1 Qc5 24. Rc1 e4 25. Rxc2 Qxc2 26. Qxc2 Rxc2 27. dxe4 dxe4 28. Nh4 f5 29. Rd1 Rxe2 30. Rd7 Bf6 31. Bh3 Kg7 32. Rb7 Rb2 33. Bf1 Bxh4 34. gxh4 Kf6 35. Rxb6+ Ke5 36. h5 gxh5 37. Rxh6 Nd5 38. Rxh5 Rb1 39. Rh8 Kf4 40. Rd8 e3 41. Kg2 Rd1 42. b6 Rd2 43. b7 Rxf2+ 44. Kg1 Rb2 45. b8=Q+ Rxb8 46. Rxb8 Ke5 47. Rb3 f4 48. Bg2 Ne7 49. Bf3 Nf5 50. Rb5+ Kf6 51. Kf1 Nd4 52. Rb6+ Ke5 53. Kg2 Nf5 54. Kf1 Nd4 55. Bh5 f3 56. Bxf3 Nxf3 57. Ke2 Nxh2 58. Kxe3 Ng4+ 59. Kf3 Nf6 60. Rb5+ Nd5 61. Rc5 Kd4 62. Rc8 Ke5 63. Kg4 Ke4 64. Re8+ Kd4 65. Kf3 Nc3 66. Rd8+ Nd5 67. Rd7 Ke5 68. Ra7 Kd4 69. Ra4+ Ke5 70. Rc4 Nf6 71. Rh4 Kf5 1/2-1/2


[Site "https://www.chess.com"]

[Event "Titled Tuesday Blitz July 05 Early 2022"]
[White "De Silva, L M S T"]
[Black "Vachier-Lagrave, Maxime"]
[WhiteFideId "9953698"]
[BlackFideId "623539"]
[WhiteElo "1663"]
[BlackElo "2784"]
[Result "0-1"]
[Round "02"]
[TimeControl "180+1"]
[Date "2022.07.05"]
[WhiteClock "0:00:01"]
[BlackClock "0:00:06"]

1. e4 c6 2. d4 d5 3. Nc3 dxe4 4. Nxe4 Nf6 5. Nxf6+ exf6 6. c3 Bd6 7. Bd3 O-O 8. Qc2 Re8+ 9. Ne2 h5 10. O-O Nd7 11. Bd2 Nf8 12. h3 Be6 13. c4 Bc7 14. Rae1 Qd7 15. f4 f5 16. Bc3 h4 17. b3 Ng6 18. Rd1 Rad8 19. Bb2 Bb6 20. Kh1 Nf8 21. Qc3 f6 22. Qc2 Bf7 23. Rfe1 Bg6 24. d5 cxd5 25. cxd5 Rc8 26. Bc4 Re4 27. Qd2 Qd6 28. Nc3 Rxe1+ 29. Rxe1 a6 30. a4 Bf7 31. Ne2 Re8 32. Bd4 Bc7 33. Bf2 Ng6 34. Bg1 Kh7 35. Nd4 Rxe1 36. Qxe1 Bxd5 37. Nxf5 Qc6 38. Bxd5 Qxd5 39. Nxh4 Nxf4 40. Nf3 Qh5 41. Bh2 Qg6 42. Bxf4 Bxf4 43. Qh4+ Bh6 44. Kh2 Qd3 45. b4 Qd6+ 46. Kh1 f5 47. Ng5+ Kg6 48. Nf3 Bf4 49. Qe1 Kf7 50. b5 axb5 51. axb5 Qd3 52. b6 Qb5 53. Qh4 Qf1+ 54. Ng1 Be3 55. Qh5+ Ke7 56. Qh4+ Ke6 57. Qc4+ Qxc4 0-1


[Site "https://www.chess.com"]

[Event "Titled Tuesday Blitz July 05 Early 2022"]
[White "Fedoseev, Vladimir"]
[Black "Tregubov, Pavel V."]
[WhiteFideId "24130737"]
[BlackFideId "4115341"]
[WhiteElo "2726"]
[BlackElo "2341"]
[Result "1-0"]
[Round "02"]
[TimeControl "180+1"]
[Date "2022.07.05"]
[WhiteClock "0:00:05"]
[BlackClock "0:00:10"]

1. d4 Nf6 2. c4 e6 3. Nf3 Bb4+ 4. Bd2 Qe7 5. g3 Bxd2+ 6. Qxd2 Nc6 7. Bg2 Ne4 8. Qc2 Qb4+ 9. Kf1 d5 10. cxd5 exd5 11. Nc3 Nxc3 12. Qxc3 Qxc3 13. bxc3 O-O 14. Nd2 Be6 15. Rb1 Na5 16. e3 b6 17. Ke2 Rac8 18. Rhc1 c5 19. dxc5 Rxc5 20. Nb3 Nxb3 21. axb3 Rfc8 22. Kd2 Kf8 23. b4 R5c7 24. Ra1 Ke7 25. Ra3 Kd6 26. Rca1 a5 27. bxa5 bxa5 28. Bf1 Rc5 29. Rxa5 Rxc3 30. Bd3 Rb3 31. R1a2 Rcb8 32. Bc2 R3b4 33. Ra6+ Ke7 34. Ra7+ Kf6 35. R2a4 Rb2 36. Rc7 Rc8 37. Rf4+ Kg5 38. Rxc8 Bxc8 39. Rxf7 Kh6 40. Kc3 Ra2 41. Bb3 Ra5 42. Kb4 Ra1 43. Bxd5 Rc1 44. h4 g6 45. e4 Rc2 46. e5 Re2 47. f4 Re3 48. e6 Rxg3 49. e7 Re3 50. Bc6 1-0


[Site "https://www.chess.com"]